 Dungeon Crawl Stone Soup version 0.18-a0-1577-gf591c28 (webtiles) character file.

42 Duffy the Chiller (level 3, 0/28 HPs)
             Began as a Naga Ice Elementalist on Mar 18, 2016.
             Slain by Terence
             ... wielding a +0 trident
              (9 damage)
             ... on level 2 of the Dungeon.
             The game lasted 00:01:55 (1534 turns).

Duffy the Chiller (Naga Ice Elementalist)           Turns: 1534, Time: 00:01:56

Health: 0/28       AC:  4    Str: 13    XL:     3   Next: 56%
Magic:  0/6        EV: 10    Int: 16    God:
Gold:   106        SH:  0    Dex: 11    Spells: 1 memorised, 5 levels left

rFire  . . .     SeeInvis +     f - +0 dagger
rCold  . . .     Gourm    .     a - +0 robe
rNeg   + . .     Faith    .     (no shield)
rPois  +         Spirit   .     n - +0 helmet
rElec  .         Dismiss  .     (no cloak)
rCorr  .         Reflect  .     g - +0 pair of gloves
SustAt .         Harm     .     (no barding)
MR     .....                    (no amulet)
Stlth  ++........               p - +3 ring of strength
                                l - ring of positive energy

@: very slow, not resistant to hostile enchantments, unstealthy
A: see invisible, deformed body, poison resistance, slowness 2, slow metabolism
1, spit poison 2, AC +1
a: Spit Poison


You were on level 2 of the Dungeon.
You were not hungry.

You visited 1 branch of the dungeon, and saw 2 of its levels.

You collected 106 gold pieces.


Innate Abilities, Weirdness & Mutations

You cannot wear boots.
Your serpentine skin is tough (AC +1).
You have supernaturally acute eyesight.
Armour fits poorly on your strangely shaped body.
Your system is resistant to poisons.
You cover ground very slowly.
You have a slow metabolism.
You can spit poison.


   Skills:
 - Level 1.5 Dodging
 - Level 3.0 Stealth
 - Level 2.0 Spellcasting
   Level 1.0 Conjurations
 + Level 4.4 Ice Magic


You had 5 spell levels left.
You knew the following spells:

 Your Spells              Type           Power        Failure   Level  Hunger
a - Freeze                Ice            ###.         4%          1    #......

Inventory:

Hand Weapons
 f - a +0 dagger (weapon)
 o - a +0 vampiric hand axe
Armour
 a - a +0 robe (worn)
 g - a +0 pair of gloves (worn)
 n - a +0 helmet (worn)
Jewellery
 l - a ring of positive energy (left hand)
 p - a +3 ring of strength (right hand)
Scrolls
 h - a scroll of teleportation {unknown}
 m - a scroll of identify {unknown}
Potions
 d - 2 potions of curing {unknown}
 e - a potion of lignification {unknown}
 i - 2 potions of flight {unknown}
 j - a potion of resistance {unknown}
Books
 b - a book of Frost
Comestibles
 c - a bread ration
 k - a beef jerky
 q - 2 chunks of flesh

Dungeon Overview and Level Annotations

Branches:
Dungeon (2/15)

Altars:
Elyvilon
Zin

Annotations:
D:2 Terence


Message History

Press: ? - help, Shift-Dir - straight line, f/p - Terence
Aim: Terence, wielding a trident and wearing a scale mail (lightly wounded, unusually strong)
You freeze Terence.
Terence is moderately wounded.
The kobold closely misses you. Terence hits you with a trident!
Cast which spell? (? or * to list)
Aiming: Freeze
Press: ? - help, Shift-Dir - straight line, f/p - Terence
Aim: Terence, wielding a trident and wearing a scale mail (moderately wounded, unusually strong)
You freeze Terence.
Terence is heavily wounded.
The kobold hits you but does no damage. Terence hits you with a trident.
Cast which spell? (? or * to list)
Aiming: Freeze
Press: ? - help, Shift-Dir - straight line, f/p - Terence
Aim: Terence, wielding a trident and wearing a scale mail (heavily wounded, unusually strong)
You freeze Terence.
Terence is heavily wounded.
The kobold barely misses you. Terence hits you with a trident.
Cast which spell? (? or * to list)
Aiming: Freeze
Press: ? - help, Shift-Dir - straight line, f/p - Terence
Aim: Terence, wielding a trident and wearing a scale mail (heavily wounded, unusually strong)
You freeze Terence.
Terence is severely wounded.
You have got your breath back.
The kobold hits you but does no damage.
Cast which spell? (? or * to list)
Aiming: Freeze
Press: ? - help, Shift-Dir - straight line, f/p - Terence
Aim: Terence, wielding a trident and wearing a scale mail (severely wounded, unusually strong)
You freeze Terence.
Terence is almost dead.
Terence hits you with a trident!
You die...

#..#.#.....#.##...######
#............######
####.#.%##.#.########.
#.......>..........
####..#####..#####
#<.#####..####
#.#.##.....)..# #.#
#...##.K##.##.#. ## .###
#.)@@......
..%....###.#####
######## #


You could see Terence and a kobold.

Action                   || total
-------------------------++-------
Melee: Dagger            ||    31
 Cast: Freeze            ||    30
 Abil: Spit Poison       ||     6
 Stab: Sleeping          ||     2
  Eat: Chunk             ||     2

Notes
Turn   | Place    | Note
--------------------------------------------------------------
     0 | D:1      | Duffy the Naga Ice Elementalist began the quest for the Orb.
     0 | D:1      | Reached XP level 1. HP: 15/15 MP: 3/3
   201 | D:1      | Reached XP level 2. HP: 8/22 MP: 3/5
   986 | D:1      | Reached skill level 4 in Ice Magic
  1136 | D:1      | Reached XP level 3. HP: 28/28 MP: 4/6
  1508 | D:2      | Found a glowing silver altar of Zin.
  1508 | D:2      | Found a white marble altar of Elyvilon.
  1522 | D:2      | Noticed Terence
  1534 | D:2      | Slain by Terence

Vault maps used:
D:1:      minmay_arrival_hallway
D:2:      gammafunk_temple_overflow_wave, tgw_kikubaaqudgha, uniq_terence,
          uniq_jessica

Vanquished Creatures
  An adder
  An ooze
  2 dart slugs
  3 giant cockroaches
  5 goblins
  A hobgoblin
  3 bats
  A giant newt
  6 kobolds
  2 rats
25 creatures vanquished.
